 Dungeon Crawl Stone Soup version 0.23-a0-489-g205b0b61ae (webtiles) character file.

5 LLavrengius the Skirmisher (level 1, 0/24 HPs)
             Began as an Ogre Fighter on Dec 1, 2018.
             Slain by a bat (1 damage)
             ... on level 1 of the Dungeon on Dec 2, 2018.
             The game lasted 00:04:32 (165 turns).

LLavrengius the Skirmisher (Ogre Fighter)            Turns: 165, Time: 00:04:33

Health: 0/24       AC:  3    Str: 19    XL:     1   Next: 80%
Magic:  1/1        EV: 10    Int:  9    God:
Gold:   2          SH:  0    Dex:  8    Spells: 0/0 levels left

rFire    . . .     SeeInvis .   a - +0 flail
rCold    . . .     Gourm    .   (no shield)
rNeg     . . .     Faith    .   b - +0 robe
rPois    .         Spirit   .   (helmet restricted)
rElec    .         Reflect  .   (no cloak)
rCorr    .         Harm     .   (gloves unavailable)
MR       .....                  (boots unavailable)
Stlth    +.........             (no amulet)
HPRegen  0.08/turn              (no ring)
MPRegen  0.07/turn              (no ring)

@: no status effects
A: large, unfitting armour, tough skin 1
a: no special abilities


You were on level 1 of the Dungeon.
You were not hungry.

You visited 1 branch of the dungeon, and saw 1 of its levels.

You collected 2 gold pieces.

Inventory:

Hand Weapons
 a - a +0 flail (weapon)
Armour
 b - a +0 robe (worn)
 g - a +0 large shield
Scrolls
 c - a scroll of enchant weapon {unknown}
 e - 2 scrolls of identify {unknown}
 i - a scroll of noise {unknown}
Potions
 d - 2 potions of might
 h - a potion of degeneration {unknown}
Comestibles
 f - 3 rations


   Skills:
 + Level 4.1 Fighting
 + Level 1.9 Maces & Flails
 - Level 2.7 Dodging
 + Level 2.8 Shields


You couldn't memorise any spells.
You didn't know any spells.
Your spell library was empty.

Dungeon Overview and Level Annotations

Branches:
Dungeon (1/15)

Altars:


Innate Abilities, Weirdness & Mutations

You are too large for most types of armour.
You have tough skin. (AC +1)


Message History

* * * LOW HITPOINT WARNING * * *
The goblin hits you but does no damage. The bat hits you but does no damage.
The kobold hits you with a +0 short sword.
* * * LOW HITPOINT WARNING * * *
The goblin hits you but does no damage. The goblin closely misses you.
The bat barely misses you. The kobold barely misses you.
The goblin completely misses you. The bat hits you but does no damage.
The goblin closely misses you.
The kobold hits you with a +0 short sword.
* * * LOW HITPOINT WARNING * * *
The goblin closely misses you. The bat closely misses you.
The goblin closely misses you. The bat hits you but does no damage.
The kobold hits you with a +0 short sword.
* * * LOW HITPOINT WARNING * * *
The goblin hits you.
* * * LOW HITPOINT WARNING * * *
The bat hits you.
You die...

#...#..##.#
####......#..#
.........^#.##
.###..#.#...# .#
#.......## #
.#######...######
##.# ..##
#........##.$(#
...#
#..######b#g...#
.#.####.## #.@g#
.#...##.## #K..#
..##.....# .....#
....#....#
..#....#
#...#....#..
######
#........##
##.#.....#
#.......#
##..†...#


You could see 2 goblins, a bat and a kobold.

Vanquished Creatures
  2 giant cockroaches (D:1)
  A hobgoblin (D:1)
  A bat (D:1)
  A frilled lizard (D:1)
5 creatures vanquished.

Notes
Turn   | Place    | Note
-------+----------+-------------------------------------------
     0 | D:1      | LLavrengius the Ogre Fighter began the quest for the Orb.
     0 | D:1      | Reached XP level 1. HP: 24/24 MP: 1/1
     0 | D:1      | Upgraded the game from 0.23-a0-487-gc6253629db to
                  | 0.23-a0-489-g205b0b61ae
   164 | D:1      | HP: 1/24 [goblin (1)]
   165 | D:1      | Slain by a bat

Vault maps used:
D:1:      zaba_arrival_water, serial_curves, eino_curves_03, eino_curves_04,
          eino_curves_02, st_stairs_13, corexii_corridor_pit,
          minmay_misc_feat_five, minmay_distorted

Action                   || total
-------------------------++-------
Melee: Flail             ||    26
Armor: Robe              ||    28
Dodge: Dodged            ||    32
Block: Large shield      ||    33
       Shield            ||     6

Table legend:
 A = Non-vault XP
 B = Vault XP
 C = Vault XP percentage of total XP
 D = Non-vault monster count
 E = Vault monster count
 F = Vault count percentage of total count
                 A         B        C        D         E       F
            +---------+---------+-------+---------+---------+-------
      Total |       8 |       0 |   0.0 |       5 |       0 |   0.0
            +---------+---------+-------+---------+---------+-------
        D:1 |       8 |       0 |   0.0 |       5 |       0 |   0.0
            +---------+---------+-------+---------+---------+-------
